 Dungeon Crawl Stone Soup version 0.26-a0-252-gb32a1a6195 (webtiles) character file.

Game seed: 14760003959781278140

35 BritishOli the Slasher (level 3, 0/28 HPs)
             Began as a Demonspawn Gladiator on July 9, 2020.
             Engulfed by Ijyb's poison gas (5 damage)
             ... on level 2 of the Dungeon.
             The game lasted 00:00:55 (1186 turns).

BritishOli the Slasher (Demonspawn Gladiator)       Turns: 1186, Time: 00:00:56

Health: 0/28       AC:  4    Str: 15    XL:     3   Next: 16%
Magic:  3/3        EV: 13    Int:  9    God:
Gold:   36         SH:  0    Dex: 14    Spells: 2/2 levels left

rFire    . . .     SeeInvis .   a - +0 long sword
rCold    . . .     Faith    .   (no shield)
rNeg     . . .     Spirit   .   b - +0 leather armour
rPois    .         Reflect  .   c - +0 helmet
rElec    .         Harm     .   (no cloak)
rCorr    .                      (no gloves)
MR       .....                  (no boots)
Stlth    +.........             (no amulet)
HPRegen  0.09/turn              (no ring)
MPRegen  0.08/turn              (no ring)

@: confused, lethally poisoned (0 -> -14)
A: large bone plates 1, rot immunity
a: no special abilities


You were on level 2 of the Dungeon.
You were not hungry.

You visited 1 branch of the dungeon, and saw 2 of its levels.

You collected 36 gold pieces.

Inventory:

Hand Weapons
 a - a +0 long sword (weapon)
Missiles
 d - 3 throwing nets (quivered)
Armour
 b - a +0 leather armour (worn)
 c - a +0 helmet (worn)
Scrolls
 h - a scroll of teleportation {unknown}
 i - a scroll of fog {unknown}
 j - a scroll of remove curse {unknown}
 k - 2 scrolls of identify {unknown}
 l - a scroll of enchant armour {unknown}
 m - a scroll of fear {unknown}
Potions
 e - a potion of flight {unknown}
Comestibles
 f - 7 rations


   Skills:
 + Level 2.3 Fighting
 + Level 3.0 Long Blades
 - Level 2.1 Throwing
 + Level 1.0 Armour
 + Level 3.0 Dodging


You had 2 spell levels left.
You didn't know any spells.
Your spell library was empty.

Dungeon Overview and Level Annotations

Branches:
Dungeon (2/15)

Altars:

Annotations:
D:2 Ijyb


Innate Abilities, Weirdness & Mutations

You are partially covered in large bone plates. (SH +4)
You are immune to rotting.


Message History

You're too confused to move!
You are engulfed in noxious fumes.
You choke on the stench!
You are more confused.
Ijyb closely misses you. The goblin barely misses you.
You hit Ijyb but do no damage.
Ijyb is almost dead.
You are engulfed in noxious fumes.
You choke on the stench!
You are more confused.
* * * LOW HITPOINT WARNING * * *
Ijyb hits you but does no damage. The goblin closely misses you.
You barely miss Ijyb.
Ijyb is almost dead.
You are engulfed in noxious fumes.
You choke on the stench!
You are more confused.
* * * LOW HITPOINT WARNING * * *
Ijyb hits you but does no damage. The goblin barely misses you.
Ijyb hits you but does no damage. The goblin barely misses you.
You are engulfed in poison gas.
You are lethally poisoned!
You die...

.≈.......(........
.≈.............##
...............###
..########..)....#
..# #######.# ..#
#.# ### #☼##
########§.#
.8.8.8○8@.#
......†§g§#
%.......)g#
..........#
(.........#
..........#
.8.8.8.8..#
###########


You could see Ijyb and a goblin.

Vanquished Creatures
  A dart slug (D:1)
  3 bats (D:1)
  2 giant cockroaches (D:1)
  9 goblins
  3 hobgoblins (D:1)
  4 frilled lizards
  4 kobolds
  5 rats
31 creatures vanquished.

Notes
Turn   | Place    | Note
-------+----------+-------------------------------------------
     0 | D:1      | BritishOli the Demonspawn Gladiator began the quest for the
                  | Orb.
     0 | D:1      | Reached XP level 1. HP: 16/16 MP: 1/1
   376 | D:1      | Gained mutation: You are partially covered in large bone
                  | plates. (SH +4) [demonic ancestry]
   376 | D:1      | Reached XP level 2. HP: 22/22 MP: 2/2
  1142 | D:2      | Gained mutation: You are immune to rotting. [demonic
                  | ancestry]
  1142 | D:2      | Reached XP level 3. HP: 27/27 MP: 3/3
  1159 | D:2      | Noticed Ijyb
  1166 | D:2      | Reached skill level 1 in Armour
  1186 | D:2      | Engulfed by Ijyb's poison gas

Illustrated notes

Levels and vault maps discovered:
D:1:      lightli_arrival_chessboard, layout_basic, minmay_misc_feat_diagonals
D:2:      kennysheep_the_goblin_king, layout_basic, first_ration,
          serial_park_tiny_2, chequers_serial_rivers_micro_e,
          kennysheep_flooded_box, minmay_misc_feat_encased,
          nicolae_ru_awakened_eye

Skill      XL: |  1  2  3 |
---------------+----------+-----
Throwing       | 2 |  2.1
Long Blades    | 3 |  3.0
Dodging        | 3 |  3.0
Armour         | 1 |  1.0
Fighting       | |  2.3

Action                   || total
-------------------------++-------
Melee: Long sword        ||    83
  Use: Potion            ||     2
 Stab: Sleeping          ||     1
  Eat: Ration            ||     1
Armor: Leather armour    ||    37
Dodge: Dodged            ||    78
Block: Other             ||     9
       Rpst.: Long sword ||    19

Table legend:
 A = Non-vault XP
 B = Vault XP
 C = Vault XP percentage of total XP
 D = Non-vault monster count
 E = Vault monster count
 F = Vault count percentage of total count
                 A         B        C        D         E       F
            +---------+---------+-------+---------+---------+-------
      Total |      41 |       9 |  18.0 |      26 |       5 |  16.1
            +---------+---------+-------+---------+---------+-------
        D:1 |      34 |       0 |   0.0 |      19 |       0 |   0.0
        D:2 |       7 |       9 |  56.2 |       7 |       5 |  41.7
            +---------+---------+-------+---------+---------+-------
